 Dungeon Crawl Stone Soup version 0.26-a0-1079-g3a4175ecf3 (webtiles) character file.

Game seed: 5834992257238581283

43065 KristoblXynda the Spry (level 13, 0/66 HPs)
             Began as a Spriggan Berserker on Dec 14, 2020.
             Was the Champion of Trog.
             Slain by a red ugly thing (20 damage)
             ... on level 15 of the Dungeon.
             The game lasted 00:30:25 (19358 turns).

KristoblXynda the Spry (Spriggan Berserker)        Turns: 19358, Time: 00:30:26

Health: 0/66       AC:  6    Str: 14    XL:     13   Next: 88%
Magic:  14/14      EV: 31    Int: 11    God:    Trog [******]
Gold:   1099       SH: 10    Dex: 17    Spells: 12/12 levels left

rFire    . . .     SeeInvis +   E - +5 dagger (freeze)
rCold    . . .     Faith    .   b - +2 buckler
rNeg     + + .     Spirit   .   a - +0 troll leather armour
rPois    .         Reflect  .   (helmet restricted)
rElec    .         Harm     .   y - +0 cloak "Ysoyderch" {rF- rN+ Slay+6}
rCorr    .         Rampage  .   (gloves unavailable)
Will     ++++.                  (boots unavailable)
Stlth    ++++......             p - amulet of the acrobat
HPRegen  1.61/turn              k - ring of protection from fire
MPRegen  0.14/turn              H - ring of positive energy

@: regenerating, very quick
A: very small, unfitting armour, see invisible, speed 3
a: Berserk, Trog's Hand, Brothers in Arms, Renounce Religion


You were on level 15 of the Dungeon.
You worshipped Trog.
Trog was exalted by your worship.
You visited 2 branches of the dungeon, and saw 16 of its levels.

You collected 1099 gold pieces.

Inventory:

Hand Weapons
 u - the +7 Singing Sword {vorpal, sonic wave}
   (You found it on level 7 of the Dungeon)

   It inflicts extra damage upon your enemies.
 E - a +5 dagger of freezing (weapon)
Armour
 a - a +0 troll leather armour (worn)
 b - a +2 buckler (worn)
 t - a +1 cloak
 y - the +0 cloak "Ysoyderch" (worn) {rF- rN+ Slay+6}
   (You found it on level 5 of the Dungeon)

   It affects your accuracy and damage with ranged weapons and melee attacks
   (+6).
   It makes you vulnerable to fire.
   It protects you from negative energy.
Jewellery
 k - a ring of protection from fire (left hand)
 p - an amulet of the acrobat (around neck)
 w - a +6 ring of dexterity
 z - an uncursed ring of resist corrosion
 B - an uncursed ring of ice
 C - an uncursed ring of wizardry
 G - an uncursed ring of stealth
 H - a ring of positive energy (right hand)
Wands
 x - a wand of disintegration (14)
 A - a wand of digging (11)
 N - a wand of acid (21)
Scrolls
 c - a scroll of summoning
 d - 9 scrolls of teleportation
 g - 2 scrolls of enchant armour
 i - 6 scrolls of remove curse
 j - 4 scrolls of fog
 q - a scroll of magic mapping
 D - a scroll of enchant weapon
 K - 2 scrolls of fear
Potions
 e - a potion of resistance
 f - a potion of invisibility
 h - 3 potions of haste
 l - 7 potions of curing
 m - 2 potions of mutation
 o - 3 potions of heal wounds
 r - 2 potions of might
 s - 5 potions of lignification
 v - 5 potions of attraction
 I - 3 potions of flight
 L - 2 potions of cancellation
Miscellaneous
 n - a tin of tremorstones (2/2)


   Skills:
 + Level 6.6 Fighting
 + Level 13.3 Short Blades
 + Level 4.5 Armour
 + Level 16.6 Dodging
 - Level 10.1 Stealth
 + Level 7.9 Shields
 - Level 10.7 Evocations


You had 12 spell levels left.
You didn't know any spells.
Your spell library contained the following spells:

 Spells                   Type           Power        Failure   Level
 Animate Skeleton         Necr           #.....       41%         1
 Apportation              Tloc           #.....       41%         1
 Corona                   Hex            #......      41%         1
 Magic Dart               Conj           #...         41%         1
 Pain                     Necr           #...         41%         1
 Sandblast                Erth           #.....       41%         1
 Summon Small Mammal      Summ           #...         41%         1
 Ensorcelled Hibernation  Hex/Ice        #.....       54%         2
 Passwall                 Tmut/Erth      #.......     54%         2
 Searing Ray              Conj           #.....       54%         2
 Slow                     Hex            #.......     54%         2
 Confusing Touch          Hex            #.......     78%         3
 Dazzling Flash           Conj/Hex       #.....       78%         3
 Inner Flame              Hex/Fire       #.......     78%         3
 Portal Projectile        Hex/Tloc       #.....       78%         3
 Stone Arrow              Conj/Erth      #.....       78%         3
 Tukima's Dance           Hex            #.......     78%         3
 Vampiric Draining        Necr           #.........   78%         3
 Animate Dead             Necr           #.........   99%         4
 Cause Fear               Hex            #.........   99%         4
 Fulminant Prism          Conj/Hex       #.........   99%         4
 Iskenderun's Mystic Bla  Conj/Tloc      #.......     99%         4
 Leda's Liquefaction      Hex/Erth       #.........   99%         4
 Petrify                  Tmut/Erth      #.......     99%         4
 Agony                    Necr           #.......     100%        5
 Irradiate                Conj/Tmut      #.........   100%        5
 Lee's Rapid Deconstruct  Erth           #.........   100%        5
 Hydra Form               Tmut           #.........   100%        6
 Statue Form              Tmut/Erth      #........    100%        6
 Dragon Form              Tmut           #.........   100%        7


Dungeon Overview and Level Annotations

Branches:
Dungeon (15/15)            Temple (1/1) D:5            Lair (0/6) D:11
    Orc (0/2) D:11         Vaults (0/5) D:14
 Depths: D:15

Altars:
Ashenzari
Cheibriados
Dithmenos
Elyvilon
Fedhas
Gozag
Hepliaklqana
Kikubaaqudgha
Makhleb
Nemelex Xobeh
Okawaru
Qazlal
Ru
Sif Muna
Trog
Uskayaw
Vehumet
Wu Jian
Xom
Yredelemnul
Zin
The Shining One

Shops:
D:8 *

Annotations:
D:7 1 runed translucent door, rlgrobin's ghost, weakling KoDe


Innate Abilities, Weirdness & Mutations

You are very small and have problems with some larger weapons.
You are too small for most types of armour.
You have supernaturally acute eyesight. (SInv)
You cover ground extremely quickly.


Message History

You kill the white ugly thing!
Trog accepts your kill.
The bolt of acid hits the brown ugly thing!
The brown ugly thing is lightly wounded.
The bolt of acid hits the centaur!!
The centaur is splashed with acid.
The acid corrodes the centaur!
You kill the centaur!
Trog accepts your kill.
The brown ugly thing basks in the mutagenic energy from its kin and changes!
Your skin crawls.
You feel strong-willed.
You see here an ugly thing corpse.
Unknown command.
Unknown command.
You hit the red ugly thing. You freeze the red ugly thing.
The red ugly thing is lightly wounded.
You puncture the red ugly thing! You freeze the red ugly thing.
The red ugly thing is moderately wounded.
The red ugly thing punches you!
You are engulfed in flames!!
You die...

# ## ≈≈# ####§
§≈≈≈≈#≈≈≈≈
§≈≈.≈≈≈≈≈≈#
§... #≈≈§.#
(....####@#
...$ ...#u#
.....##.#u#
........)W#
##########D###
.........(.#
...........#
.....D.....#
........(..#


You could see 2 ugly things and a shadow (invisible).

Vanquished Creatures
  An ironheart preserver (D:14)
  Nessos (D:12)
  An ettin (D:13)
  2 hydras
  A rakshasa (D:13)
  A catoblepas (D:14)
  3 two-headed ogres
  Sonja (D:10)
  3 skeletal warriors (D:14)
  A wizard (D:13)
  4 unseen horrors
  A deep elf mage (D:14)
  An orc knight (D:13)
  15 ugly things
  A manticore (D:13)
  3 cyclopes
  A black mamba (shapeshifter) (D:14)
  5 centaur zombies
  Maurice (D:8)
  A gargoyle (D:13)
  A freezing wraith (D:10)
  A kobold demonologist (D:14)
  2 komodo dragons (D:14)
  A meliai (shapeshifter) (D:10)
  2 trolls
  A jumping spider (shapeshifter) (D:13)
  A hornet (D:8)
  2 slime creatures (D:13)
  8 wraiths
  A shadow (D:10)
  3 wyverns
  33 yaks
  A basilisk (D:8)
  2 wargs (D:11)
  12 vampire mosquitoes
  4 acid dragons
  2 soldier ants
  2 ice beasts
  2 sky beasts
  8 orc warriors
  3 phantoms
  10 ogres
  3 necrophages
  8 centaurs
  5 big kobolds
  14 bullfrogs
  A gnoll sergeant (D:13)
  5 scorpions
  3 killer bees (D:10)
  19 wights
  6 howler monkeys
  3 hounds
  3 quasits
  4 jellies
  13 orc priests
  18 orc wizards
  Crazy Yiuf (D:2)
  2 bullfrog skeletons
  6 centaur skeletons
  3 iguanas
  14 worker ants
  2 hound zombies
  2 hound skeletons
  A worker ant zombie (D:9)
  A howler monkey zombie (D:10)
  4 gnolls (D:4)
  14 adders
  4 white imps
  3 oozes
  2 adder skeletons
  An adder zombie (D:5)
  A worm (D:2)
  A dart slug (D:2)
  5 leopard geckos
  81 orcs
  2 ball pythons
  5 giant cockroaches
  14 goblins
  8 hobgoblins
  7 jackals
  28 kobolds
  3 quokkas
  12 bats
  8 frilled lizards
  A jackal skeleton (D:7)
  A leopard gecko skeleton (D:4)
  10 rats
502 creatures vanquished.

Vanquished Creatures (collateral kills)
  A kobold (D:14)
1 creature vanquished.

Vanquished Creatures (others)
  An orc wizard (D:14)
  4 fungi (D:7)
  3 withered plants (D:10)
8 creatures vanquished.

Grand Total: 511 creatures vanquished

Notes
Turn   | Place    | Note
-------+----------+-------------------------------------------
     0 | D:1      | KristoblXynda the Spriggan Berserker began the quest for
                  | the Orb.
     0 | D:1      | Reached XP level 1. HP: 11/11 MP: 2/2
   138 | D:1      | Reached skill level 1 in Stealth
   161 | D:1      | Reached XP level 2. HP: 6/16 MP: 3/3
  1123 | D:1      | Reached XP level 3. HP: 15/19 MP: 4/4
  1268 | D:1      | Reached skill level 5 in Dodging
  1441 | D:2      | Reached ** piety under Trog
  1529 | D:2      | Found a runed translucent door.
  1530 | D:2      | Noticed Crazy Yiuf
  1995 | D:2      | Reached XP level 4. HP: 21/23 MP: 5/5
  2239 | D:2      | Found a glowing silver altar of Zin.
  2316 | D:2      | Found a white marble altar of Elyvilon.
  2560 | D:2      | Reached XP level 5. HP: 28/28 MP: 6/6
  2835 | D:2      | Killed Crazy Yiuf
  3010 | D:3      | Found an ancient bone altar of Kikubaaqudgha.
  3027 | D:3      | Reached skill level 6 in Dodging
  3033 | D:3      | HP: 1/28 [orc (1)]
  3049 | D:3      | Reached XP level 6. HP: 27/32 MP: 7/7
  3061 | D:3      | Reached *** piety under Trog
  3837 | D:3      | Found a snail-covered altar of Cheibriados.
  4277 | D:3      | Reached skill level 5 in Short Blades
  4277 | D:3      | Reached skill level 5 in Stealth
  4545 | D:4      | Reached XP level 7. HP: 27/37 MP: 8/8
  4770 | D:4      | Reached skill level 7 in Dodging
  5506 | D:5      | Entered Level 5 of the Dungeon
  5587 | D:5      | Got a steaming cloak
  5598 | D:5      | Identified the cursed +0 cloak "Ysoyderch" {rF- rN+ Slay+6}
                  | (You found it on level 5 of the Dungeon)
  5730 | D:5      | Noticed an unseen horror
  5744 | D:5      | Killed an unseen horror
  5745 | D:5      | Reached skill level 8 in Dodging
  5745 | D:5      | Reached XP level 8. HP: 30/42 MP: 9/9
  5771 | D:5      | Reached **** piety under Trog
  5919 | D:5      | Found a staircase to the Ecumenical Temple.
  6074 | Temple   | Entered the Ecumenical Temple
  6162 | D:5      | Found a shimmering blue altar of Sif Muna.
  6163 | D:5      | Found a bloodstained altar of Trog.
  6329 | D:6      | Reached skill level 5 in Fighting
  6630 | D:6      | Reached skill level 9 in Dodging
  6643 | D:6      | Found a radiant altar of Vehumet.
  6834 | D:6      | Reached XP level 9. HP: 39/47 MP: 10/10
  7453 | D:7      | Found a runed translucent door.
  7455 | D:7      | Noticed rlgrobin's ghost (weakling KoDe)
  7501 | D:7      | Reached skill level 10 in Dodging
  7636 | D:7      | Reached skill level 10 in Stealth
  7992 | D:7      | Reached ***** piety under Trog
  7993 | D:7      | Reached skill level 1 in Evocations
  8142 | D:7      | Found the +7 Singing Sword {vorpal, sonic wave}
  8554 | D:8      | Reached skill level 1 in Shields
  8579 | D:8      | Noticed Maurice
  8618 | D:8      | Killed Maurice
  8692 | D:8      | Reached skill level 11 in Dodging
  8692 | D:8      | Reached XP level 10. HP: 36/53 MP: 11/11
  8936 | D:8      | Received a gift from Trog
  8994 | D:8      | Noticed a two-headed ogre
  9015 | D:8      | Killed a two-headed ogre
  9088 | D:8      | Found Rotupsoj's Changing Room.
  9140 | D:8      | Found an opulent altar of Gozag.
  9263 | D:8      | Reached skill level 5 in Evocations
 10089 | D:9      | Found an iron altar of Okawaru.
 10175 | D:9      | Reached skill level 12 in Dodging
 10633 | D:10     | Entered Level 10 of the Dungeon
 10633 | D:10     | Noticed Sonja
 10634 | D:10     | Killed Sonja
 10767 | D:10     | Reached XP level 11. HP: 26/56 MP: 12/12
 10775 | D:10     | Reached skill level 10 in Short Blades
 11481 | D:10     | Noticed a two-headed ogre
 11493 | D:10     | Killed a two-headed ogre
 11843 | D:10     | Reached skill level 13 in Dodging
 12038 | D:10     | Noticed an unseen horror
 12053 | D:10     | Killed an unseen horror
 12102 | D:10     | Noticed an orc knight
 12362 | D:11     | Found a staircase to the Lair.
 12561 | D:11     | Received a gift from Trog
 12562 | D:11     | Reached skill level 5 in Shields
 12642 | D:11     | Found a staircase to the Orcish Mines.
 13364 | D:11     | Noticed a white ugly thing
 13382 | D:11     | Killed a white ugly thing
 13987 | D:12     | Reached skill level 14 in Dodging
 13997 | D:12     | Reached XP level 12. HP: 61/61 MP: 13/13
 14010 | D:12     | Noticed Nessos
 14017 | D:12     | Killed Nessos
 14055 | D:12     | Reached skill level 10 in Evocations
 14440 | D:12     | Noticed a two-headed ogre
 14459 | D:12     | Killed a two-headed ogre
 14616 | D:12     | Received a gift from Trog
 15114 | D:13     | Reached skill level 1 in Armour
 15228 | D:13     | Reached skill level 15 in Dodging
 16075 | D:13     | Noticed an eight-headed hydra
 16077 | D:13     | Noticed an ettin
 16088 | D:13     | Killed an eight-headed hydra
 16154 | D:13     | Reached XP level 13. HP: 65/65 MP: 14/14
 16167 | D:13     | Killed an ettin
 16490 | D:13     | HP: 2/65 [orc warrior/+0 flail (11)]
 17187 | D:14     | Found a broken altar of Ashenzari.
 17363 | D:14     | Reached skill level 16 in Dodging
 18381 | D:14     | Reached ****** piety under Trog
 18474 | D:14     | HP: 1/65 [catoblepas (11)]
 18721 | D:14     | Noticed an ironheart preserver
 18794 | D:14     | Killed an ironheart preserver
 18940 | D:14     | Found a gate to the Vaults.
 19304 | D:15     | Entered Level 15 of the Dungeon
 19358 | D:15     | Slain by a red ugly thing

Illustrated notes

Levels and vault maps discovered:
D:1:      dpeg_arrival_rooms_b, layout_basic
D:2:      layout_basic, lemuel_crystal_altar, lemuel_coloured_pillars_altar,
          kennysheep_generic_room_11, uniq_crazy_yiuf_cottage
D:3:      minmay_spotlight, layout_loops_ring, cheibriados_altar_1,
          general_overflow_altar
D:4:      layout_basic, hangedman_abyss_or_decor_slice
D:5:      layout_basic, gammafunk_temple_overflow_statue, temple_fountains,
          minmay_manual_mandibuliform
D:6:      layout_basic, kennysheep_mini
D:7:      old_forge, layout_basic, gammafunk_ghost_grave
D:8:      layout_basic, nicolae_gozag_seed_capital, nicolae_transmutations_shop,
          uniq_maurice
D:9:      layout_stronghold, okawaru_ov_weapons_minmay
D:10:     hangedman_cross_veins, layout_rooms, serial_undead, serial_undead_d,
          serial_undead_c, serial_undead_e, serial_undead_c, uniq_sonja
D:11:     layout_roguey, erik_lair_orcish_takeover, hiddenorc2_lemuel
D:12:     layout_loops_ring, uniq_nessos
D:13:     kennysheep_green_arena, layout_long_grid
D:14:     layout_basic, skrybe_vaults_entry_preservation, ashenzari_altar_1
D:15:     hangedman_depths_entry_civil_slaughter, layout_basic,
          minmay_stone_trees_small
Temple:   cyrus_circular_temple

Skill      XL: |  1  2  3  4  5  6  7  8  9 10 11 12 13 |
---------------+----------------------------------------+-----
Stealth        | 1 2 3 4 5 7 9 10 | 10.1
Dodging        | 5 6 8 9 11 12 14 15 16 | 16.6
Fighting       | 3 4 5 6 |  6.6
Short Blades   | 4 5 6 7 8 9 11 12 13 | 13.3
Evocations     | 3 7 9 10 | 10.7
Shields        | 1 3 5 6 7 |  7.9
Armour         | 2 4 |  4.5

Action                   |  1- 3 |  4- 6 |  7- 9 | 10-12 | 13-15 || total
-------------------------+-------+-------+-------+-------+-------++-------
Melee: Short sword       |   165 |   205 |       |       |       ||   370
       Dagger            |       |    39 |   399 |   940 |   475 ||  1853
Invok: Berserk           |     3 |     5 |     4 |     8 |     5 ||    25
       Trog's Hand       |       |     1 |       |     2 |     3 ||     6
Evoke: Wand              |       |       |       |     4 |     9 ||    13
  Use: Scroll            |     3 |     1 |    12 |    11 |     6 ||    33
       Potion            |       |     2 |       |       |     1 ||     3
 Stab: Sleeping          |     5 |     5 |    14 |    26 |     5 ||    55
       Distracted        |       |       |     2 |     3 |       ||     5
Armor: Animal skin       |    14 |    11 |    19 |     8 |       ||    52
       Robe              |       |       |       |     5 |       ||     5
       Troll leather arm |       |       |       |     2 |    11 ||    13
Dodge: Dodged            |   141 |   170 |   284 |   403 |   171 ||  1169
Block: Buckler           |       |       |       |   149 |    90 ||   239

Table legend: (Time is in decaauts)
 A = Elapsed time spent in this place.
 B = Non-inter-level travel time spent in this place.
 C = Inter-level travel time spent in this place.
 D = Time resting spent in this place.
 E = Time spent auto-exploring this place.
 F = Levels seen in this place.
 G = Mean time per level.
                   A        B        C        D        E       F      G
               +--------+--------+--------+--------+--------+-----+--------+
         Total |  15148 |  14915 |    233 |   6718 |   4981 |  16 |  946.8 |
       Dungeon |  15117 |  14889 |    228 |   6718 |   4957 |  15 | 1007.8 |
        Temple |     30 |     26 |      4 |      0 |     24 |   1 |   30.0 |
               +--------+--------+--------+--------+--------+-----+--------+

Top non-repeatable levels by time:
    D:13: 1946 daAuts
     D:2: 1629 daAuts
    D:14: 1442 daAuts
    D:10: 1360 daAuts
    D:11: 1299 daAuts
     D:1: 1188 daAuts
     D:6: 973 daAuts
     D:3: 905 daAuts
     D:9: 837 daAuts
     D:4: 826 daAuts
     D:7: 761 daAuts
    D:12: 721 daAuts
     D:8: 679 daAuts
     D:5: 514 daAuts
    D:15: 31 daAuts
